 Dungeon Crawl Stone Soup version 0.27-a0-906-g0a00ce863d (webtiles) character file.

Game seed: 17562882104502773015

13 Alarkh the Insei (level 2, 18/23 HPs)
             Began as a Demonspawn Gladiator on Apr 6, 2021.
             Got out of the dungeon alive.
             The game lasted 00:00:22 (361 turns).

Alarkh the Insei (Demonspawn Gladiator)              Turns: 361, Time: 00:00:23

Health: 18/23      AC:  3    Str: 14    XL:     2   Next: 24%
Magic:  2/2        EV: 12    Int:  9    God:
Gold:   0          SH:  0    Dex: 14    Spells: 1/1 levels left

rFire    . . .     SeeInvis .     - Unarmed
rCold    . . .     Faith    .   (no shield)
rNeg     . . .     Spirit   .   a - +0 leather armour
rPois    .         Reflect  .   (helmet restricted)
rElec    .         Harm     .   (no cloak)
rCorr    .         Rampage  .   (no gloves)
Will     .....                  (no boots)
Stlth    +.........             (no amulet)
HPRegen  0.07/turn              (no ring)
MPRegen  0.08/turn              (no ring)

@: no status effects
A: horns 1
a: no special abilities


You escaped.
You visited 1 branch of the dungeon, and saw 1 of its levels.

Inventory:

Missiles
 c - 3 throwing nets (quivered)
Armour
 a - a +0 leather armour (worn)
 b - a +0 helmet
Scrolls
 d - a scroll of identify {unknown}
Potions
 e - a potion of might


   Skills:
 + Level 2.3 Fighting
 - Level 1.7 Throwing
 - Level 2.6 Dodging
 * Level 3.2 Unarmed Combat


You had one spell level left.
You didn't know any spells.
Your spell library was empty.

Dungeon Overview and Level Annotations

Branches:
Dungeon (1/15)

Altars:


Innate Abilities, Weirdness & Mutations

You have a pair of small horns on your head.


Message History

You barely miss the quokka. The quokka barely misses you.
You punch the quokka!
You kill the quokka!
You have reached level 2!
You feel monstrous as your demonic heritage exerts itself.
Your demonic ancestry asserts itself...
A pair of horns grows on your head!
Your +0 helmet falls away!
You punch the hobgoblin!
You kill the hobgoblin!
The goblin closely misses you.
Items here: ) ††††.
You barely miss the goblin.
The ball python hisses angrily.
Your headbutt misses the goblin. The goblin hits you but does no damage.
You punch the goblin!
You kill the goblin!
You completely miss the ball python. Your headbutt misses the ball python.
The ball python misses you. x2
You punch the ball python!
You kill the ball python!
A bat comes into view.
The bat moves out of view.
You see here a +0 dagger.
Items here: ) ††††.
The bat hits you but does no damage. The bat barely misses you.
You see here a +0 dagger.
The bat hits you but does no damage.
Items here: ) ††††.
You punch the bat!
You kill the bat!
Things that are here:
a +0 dagger; a bat corpse
Items here: ) ††††.
Found 11 gold pieces.
You see here a rat skeleton.
You feel a little less mighty now.
There is a staircase leading out of the dungeon here.
Are you sure you want to leave the Dungeon?
This will make you lose the game!
You have escaped!

..#####...## #.# #..
#.#..## #.# #. ##.##..#
####.###### . ###..##..#
#.........# ##...#.#..#
#.##.####.#
#..####(.#####+#.......#
#.## #..###........####
### ##..##...........#
##@##........##.#
####........##.#
#........##.#
#........##)#
.........##)#
...########.# ...
#.......... ..
#.......... #..r.......


There were no monsters in sight!

Vanquished Creatures
  An endoplasm (D:1)
  2 goblins (D:1)
  2 hobgoblins (D:1)
  A quokka (D:1)
  3 ball pythons (D:1)
  A bat (D:1)
  2 rats (D:1)
12 creatures vanquished.

Notes
Turn   | Place    | Note
-------+----------+-------------------------------------------
     0 | D:1      | Alarkh the Demonspawn Gladiator began the quest for the
                  | Orb.
     0 | D:1      | Reached XP level 1. HP: 16/16 MP: 1/1
   281 | D:1      | Reached skill level 3 in Unarmed Combat
   287 | D:1      | Gained mutation: You have a pair of small horns on your
                  | head. [demonic ancestry]
   287 | D:1      | Reached XP level 2. HP: 12/22 MP: 2/2
   361 | D:$      | Got out of the dungeon alive.

Illustrated notes

Levels and vault maps discovered:
D:1:      lemuel_arrival_tunnels, layout_basic, basic_ecumenical_altar

Skill      XL: |  1 |
---------------+----+-----
Unarmed Combat | 3 |  3.2
Fighting       | |  2.3
Throwing       | |  1.7
Dodging        | |  2.6

Action                   || total
-------------------------++-------
Melee: Unarmed           ||    29
  Use: Potion            ||     1
Armor: Leather armour    ||     7
Dodge: Dodged            ||    12

Table legend: (Time is in decaauts)
 A = Elapsed time spent in this place.
 B = Non-inter-level travel time spent in this place.
 C = Inter-level travel time spent in this place.
 D = Time resting spent in this place.
 E = Time spent auto-exploring this place.
 F = Levels seen in this place.
 G = Mean time per level.
                   A        B        C        D        E       F      G
               +--------+--------+--------+--------+--------+-----+--------+
         Total |    359 |    299 |     60 |     66 |    178 |   1 |  359.0 |
       Dungeon |    359 |    299 |     60 |     66 |    178 |   1 |  359.0 |
               +--------+--------+--------+--------+--------+-----+--------+

Top non-repeatable levels by time:
     D:1: 359 daAuts
